 Dungeon Crawl Stone Soup version 0.23.2 (webtiles) character file.

Game seed: 10305127379731431606

182 Borgoz the Sneak (level 5, -2/45 HPs)
             Began as a Ghoul Assassin on Apr 5, 2019.
             Slain by an orc (5 damage)
             ... on level 4 of the Dungeon.
             The game lasted 00:07:47 (2940 turns).

Borgoz the Sneak (Ghoul Assassin)                   Turns: 2940, Time: 00:07:48

Health: -2/45      AC:  4    Str: 15    XL:     5   Next: 61%
Magic:  4/4        EV: 12    Int:  6    God:
Gold:   156        SH:  0    Dex: 11    Spells: 4/4 levels left

rFire    . . .     SeeInvis .   a - +3 dagger
rCold    + . .     Gourm    .   (no shield)
rNeg     + + +     Faith    .   c - +1 robe
rPois    ∞         Spirit   .   (no helmet)
rElec    .         Reflect  .   d - +0 cloak
rCorr    .         Harm     .   (no gloves)
MR       .....                  (no boots)
Stlth    +++.......             (no amulet)
HPRegen  0.00/turn              (no ring)
MPRegen  0.09/turn              (no ring)

@: about to teleport, rotting
A: rotting body, claws 1, carnivore, cold resistance 1, negative energy
resistance 3, inhibited regeneration, torment resistance, unbreathing
a: no special abilities


You were on level 4 of the Dungeon.
You were not hungry.

You visited 1 branch of the dungeon, and saw 4 of its levels.

You collected 156 gold pieces.

Inventory:

Hand Weapons
 a - a +3 dagger (weapon)
 b - a +0 blowgun
Missiles
 e - 28 poisoned needles
 f - 2 curare-tipped needles
Armour
 c - a +1 robe (worn)
 d - a +0 cloak (worn)
 k - a +4 ring mail of poison resistance
Jewellery
 o - a cursed -3 ring of intelligence {unknown}
Scrolls
 j - a scroll of teleportation
 q - 2 scrolls of identify
 r - a scroll of enchant armour
Comestibles
 g - 6 rations


   Skills:
 + Level 3.0 Fighting
 * Level 3.0 Short Blades
 - Level 1.7 Throwing
 * Level 2.1 Armour
 * Level 2.3 Dodging
 + Level 4.8 Stealth


You had 4 spell levels left.
You didn't know any spells.
Your spell library was empty.

Dungeon Overview and Level Annotations

Branches:
Dungeon (4/15)
 Temple: D:4-7

Altars:
Elyvilon
Kikubaaqudgha
Ru
Sif Muna
Uskayaw


Innate Abilities, Weirdness & Mutations

Your body is rotting away.
You thrive on raw meat.
You are immune to poison.
You have sharp fingernails.
You are carnivorous and can eat meat at any time.
Your flesh is cold resistant. (rC+)
You are immune to negative energy. (rN+++)
You do not regenerate when monsters are visible.
You are immune to unholy pain and torment.
You can survive without breathing.


Message History

It was a scroll of noise.
The orc barely misses you.
As you read the scroll labeled BYIDGH FIKI, it crumbles to dust.
The creatures around you are filled with an inner flame!
It was a scroll of immolation.
The orc hits you.
* * * LOW HITPOINT WARNING * * *
As you read the scroll labeled UKOESI JAOXETH, it crumbles to dust.
It is a scroll of enchant weapon.
Your +2 dagger glows red for a moment.
The orc barely misses you.
As you read the scroll labeled IVYAJI KOKAUVVIJ, it crumbles to dust.
You feel aware of your surroundings.
It was a scroll of magic mapping.
The orc barely misses you.
As you read the scroll labeled ANEAGY FO IMI, it crumbles to dust.
It is a scroll of enchant armour.
Your +0 robe glows green for a moment.
The orc hits you.
* * * LOW HITPOINT WARNING * * *
Okay, then.
You aren't carrying any potions.
As you read the scroll of teleportation, it crumbles to dust.
You feel strangely unstable. The orc hits you.
You die...

*#...#***#....##...##.#####*,.##
###..o## ##............#...#*,###
.......###........#.......#,*,*##
........##..#####..........#,**#.
#...##........#####..#####....*##
##..*#......†#.###...#(..#....* #
#........####..a#....#(..#.#..*
#.........* ###o##...#####.#*#*
).#.......# ##@##........# *
####...#..#* ####...._...# # *
#...##..* ***#.......#* # *
#...**..# **,***,,,,*** *
##..**..#***,,* ****** **
*,,,**,,,**,,** ,* *,,,,*,,,,,,**
,***,,,,*,*,**** ***
,,,,,,,,,,,*******,*


You could see a worker ant (inner flame) and an orc (inner flame).

Vanquished Creatures
  An orc wizard (D:4)
  An orc priest (D:4)
  7 adders
  An adder skeleton (D:4)
  2 worms
  4 dart slugs
  An orc (D:3)
  A ball python (D:2)
  2 giant cockroaches
  7 goblins
  2 hobgoblins
  A quokka (D:3)
  8 bats
  3 frilled lizards
  5 kobolds
  A quokka skeleton (D:4)
  3 rats
50 creatures vanquished.

Notes
Turn   | Place    | Note
-------+----------+-------------------------------------------
     0 | D:1      | Borgoz the Ghoul Assassin began the quest for the Orb.
     0 | D:1      | Reached XP level 1. HP: 17/17 MP: 0/0
    64 | D:1      | Reached skill level 1 in Dodging
   165 | D:1      | Reached XP level 2. HP: 24/24 MP: 1/1
   690 | D:2      | Reached skill level 1 in Armour
   690 | D:2      | Reached XP level 3. HP: 23/29 MP: 2/2
   823 | D:2      | Found an ancient bone altar of Kikubaaqudgha.
   947 | D:2      | Reached XP level 4. HP: 33/37 MP: 3/3
  1253 | D:2      | Found a sacrificial altar of Ru.
  1253 | D:2      | Found a deep blue altar of Sif Muna.
  1847 | D:3      | Found a faded altar of an unknown god.
  2269 | D:3      | Found a white marble altar of Elyvilon.
  2329 | D:4      | Noticed a +0 dagger
  2330 | D:4      | Noticed a +0 hand axe
  2333 | D:4      | Found a hide-covered altar of Uskayaw.
  2350 | D:4      | Reached XP level 5. HP: 17/44 MP: 4/4
  2940 | D:4      | Slain by an orc

Skill      XL: |  1  2  3  4  5 |
---------------+----------------+-----
Dodging        | 1 2 |  2.3
Short Blades   | 2 3 |  3.0
Armour         | 1 2 |  2.1
Fighting       | 3 |  3.0
Throwing       | |  1.7
Stealth        | |  4.8

Action                   |  1- 3 |  4- 6 || total
-------------------------+-------+-------++-------
Melee: Dagger            |    69 |   144 ||   213
  Use: Potion            |       |     4 ||     4
       Scroll            |       |     7 ||     7
 Stab: Sleeping          |    10 |     4 ||    14
  Eat: Chunk             |     2 |     5 ||     7
Armor: Robe              |    13 |    33 ||    46
Dodge: Dodged            |    31 |    96 ||   127
